 Dungeon Crawl Stone Soup version 0.20.1-1-g8b1a95d (webtiles) character file.

41 Meenos the Magician (level 3, -9/19 HPs)
             Began as a Deep Elf Wizard on Nov 10, 2017.
             Mangled by a worm (11 damage)
             ... on level 2 of the Dungeon.
             The game lasted 00:15:02 (839 turns).

Meenos the Magician (Deep Elf Wizard)                Turns: 839, Time: 00:15:02

Health: -9/19      AC:  2    Str:  4    XL:     3   Next: 32%
Magic:  2/12       EV: 13    Int: 23    God:
Gold:   35         SH:  0    Dex: 13    Spells: 11/14 levels left

rFire    . . .     SeeInvis .   (no weapon)
rCold    . . .     Gourm    .   (no shield)
rNeg     . . .     Faith    .   a - +0 robe
rPois    .         Spirit   .   b - +0 hat
rElec    .         Reflect  .   (no cloak)
rCorr    .         Harm     .   (no gloves)
MR       .....                  (no boots)
Stlth    ++........             (no amulet)
Regen    0.1/turn               e - +3 ring of slaying
MPRegen  0.2/turn               (no ring)

@: no status effects
A: no striking features
a: no special abilities


You were on level 2 of the Dungeon.
You were not hungry.

You visited 1 branch of the dungeon, and saw 2 of its levels.

You collected 35 gold pieces.

Inventory:

Hand Weapons
 o - a +0 hunting sling
Missiles
 k - 54 stones (quivered)
 m - 4 needles of frenzy
Armour
 a - a +0 robe (worn)
 b - a +0 hat (worn)
Jewellery
 e - a +3 ring of slaying (left hand)
Scrolls
 f - a scroll of enchant armour {unknown}
 i - 2 scrolls of noise
 j - a scroll of random uselessness {unknown}
 l - a scroll of fear {unknown}
 n - a scroll of teleportation {unknown}
 p - a scroll of identify {unknown}
 q - a scroll of recharging {unknown}
 r - a scroll of immolation {unknown}
 s - a scroll of enchant weapon {unknown}
Potions
 g - a potion of berserk rage {unknown}
Books
 c - a book of Minor Magic

   Spells                             Type                      Level
   a - Magic Dart                     Conjuration                  1
   b - Blink                          Translocation                2
   c - Call Imp                       Summoning                    2
   d - Slow                           Hexes                        2
   e - Conjure Flame                  Conjuration/Fire             3
   f - Mephitic Cloud                 Conjuration/Poison/Air       3
Comestibles
 d - 3 bread rations


   Skills:
 - Level 2.4 Dodging
 - Level 2.4 Stealth
 + Level 6.0 Spellcasting
 + Level 1.5 Conjurations
   Level 1.1 Summonings
 + Level 1.1 Translocations


You had 11 spell levels left.
You knew the following spells:

 Your Spells              Type           Power        Failure   Level  Hunger
a - Magic Dart            Conj           ##..         4%          1    None
b - Blink                 Tloc           N/A          9%          2    None


Dungeon Overview and Level Annotations

Branches:
Dungeon (2/15)

Altars:


Message History

Ouch! That really hurt!
Throwing (i - inventory):
k - 57 stones (quivered)
Press: ? - help, Shift-Dir - straight line, f/p - worm
Aim: a worm (moderately wounded)
You throw a stone. The stone hits the worm.
The worm is heavily wounded.
Throwing (i - inventory):
k - 56 stones (quivered)
Press: ? - help, Shift-Dir - straight line, f/p - worm
Aim: a worm (heavily wounded)
You throw a stone. The stone barely misses the worm.
The worm bites you.
* * * LOW HITPOINT WARNING * * *
Throwing (i - inventory):
k - 55 stones (quivered)
Press: ? - help, Shift-Dir - straight line, f/p - worm
Aim: a worm (heavily wounded)
You throw a stone.
The stone hits the worm but does no damage.
The worm is heavily wounded.
The worm bites you!
Ouch! That really hurt!
You die...

############## .......(.
...# .......w#
##.###########
##.###@###............#
.........#.....#######.#
##..###..#.....# #.#
#.............# ##.#
##.##.......†.# ##...
#..........# ##.#.#
#.).......## ##.##.#
#.......#.# #......
........##.# ##.##.#


You could see a worm.

Vanquished Creatures
  An ooze (D:1)
  A worm (D:2)
  3 dart slugs
  3 giant cockroaches
  7 goblins
  A hobgoblin (D:1)
  2 kobolds (D:1)
  A ball python (D:1)
  3 bats
  A frilled lizard (D:1)
  5 rats (D:1)
28 creatures vanquished.

Notes
Turn   | Place    | Note
-------+----------+-------------------------------------------
     0 | D:1      | Meenos the Deep Elf Wizard began the quest for the Orb.
     0 | D:1      | Reached XP level 1. HP: 10/10 MP: 7/7
   203 | D:1      | Reached skill level 5 in Spellcasting
   203 | D:1      | Reached XP level 2. HP: 15/15 MP: 1/10
   342 | D:1      | Learned a level 2 spell: Blink
   687 | D:1      | Reached XP level 3. HP: 19/19 MP: 10/12
   829 | D:2      | Reached skill level 6 in Spellcasting
   839 | D:2      | Mangled by a worm

Skill      XL: |  1  2  3 |
---------------+----------+-----
Spellcasting   | 5 6 |  6.0
Dodging        | |  2.4
Stealth        | |  2.4
Conjurations   | |  1.5
Summonings     | |  1.1
Translocations | |  1.1

Action                   || total
-------------------------++-------
Throw: Stone             ||    24
       Tomahawk          ||     5
 Cast: Magic Dart        ||    63
  Use: Scroll            ||     1
Armor: Robe              ||    11
Dodge: Dodged            ||    24
